 Dungeon Crawl Stone Soup version 0.29.0-7-g18a832c13a (webtiles) character file.

Game seed: 17558145519246311506

81 benadryl the Digger (level 4, -1/33 HPs)
             Began as a Demonspawn Earth Elementalist on Aug 31, 2022.
             Slain by a scorpion (3 damage)
             ... on level 3 of the Dungeon.
             The game lasted 00:03:11 (2730 turns).

benadryl the Digger (Demonspawn Earth Elementalist) Turns: 2730, Time: 00:03:12

Health: -1/33      AC:  6    Str:  8    XL:     4   Next: 20%
Magic:  4/7        EV: 12    Int: 18    God:
Gold:   99         SH:  0    Dex: 14    Spells: 7/8 levels left

rFire   . . .      SeeInvis .   d - +0 hand axe
rCold   . . .      Faith    .   (no shield)
rNeg    . . .      Spirit   .   a - +0 robe
rPois   .          Reflect  .   f - +0 helmet
rElec   .          Harm     .   (no cloak)
rCorr   .          Rampage  .   (no gloves)
Will    .....                   (no boots)
Stlth   ++........              (no amulet)
HPRegen 0.11/turn               (no ring)
MPRegen 0.10/turn               (no ring)

@: brilliant, invisible
A: thin metallic scales 2
a: no special abilities


You were on level 3 of the Dungeon.
You visited 1 branch of the dungeon, and saw 3 of its levels.

You collected 99 gold pieces.

Inventory:

Hand Weapons
 d - a +0 hand axe (weapon)
Missiles
 k - 4 javelins
Armour
 a - a +0 robe (worn)
 f - a +0 helmet (worn)
Scrolls
 g - a scroll of fear {unknown}
 i - 4 scrolls of poison {unknown}
 l - 2 scrolls of identify {unknown}
 m - a scroll of amnesia {unknown}
 o - a scroll of immolation {unknown}
Potions
 c - a potion of brilliance
 e - a potion of invisibility
 h - a potion of might {unknown}
 j - a potion of curing {unknown}
 n - a potion of mutation {unknown}
 p - a potion of lignification {unknown}


   Skills:
 + Level 1.6 Fighting
 - Level 1.7 Dodging
 - Level 1.7 Stealth
 + Level 2.6 Spellcasting
 - Level 0.8 Transmutations
 * Level 3.8 Earth Magic


You had 7 spell levels left.
You knew the following spells:

 Your Spells              Type           Power      Damage    Failure   Level
a - Sandblast             Erth           48%        2d12      3%          1

Your spell library contained the following spells:

 Spells                   Type           Power      Damage    Failure   Level
 Passwall                 Tmut/Erth      13%        N/A       10%         2
 Stone Arrow              Conj/Erth      26%        3d8       24%         3
 Call Canine Familiar     Summ           3%         N/A       45%         3
 Portal Projectile        Hex/Tloc       6%         N/A       45%         3
 Petrify                  Tmut/Erth      16%        N/A       54%         4
 Leda's Liquefaction      Hex/Erth       6%         N/A       61%         4


Dungeon Overview and Level Annotations

Branches:
Dungeon (3/15)

Altars:
Gozag


Innate Abilities, Weirdness & Mutations

You are mostly covered in thin metallic scales. (AC +3)


Message History

The blast of sand hits the scorpion but does no damage.
The scorpion is heavily wounded.
You feel sick. The scorpion closely misses you.
Aiming: Sandblast (safe; 3% risk of failure)
Press: ? - help, Q - select action, (/) - cycle Shift-Dir - straight line, f/p - scorpion
Aim: a scorpion (heavily wounded, 82% to hit)
The blast of sand misses the scorpion.
The blast of sand hits the orc!
You kill the orc!
You feel sick.
The scorpion stings you but does no damage.
The scorpion closely misses you.
Aiming: Sandblast (safe; 3% risk of failure)
Press: ? - help, Q - select action, (/) - cycle Shift-Dir - straight line, f/p - scorpion
Aim: a scorpion (heavily wounded, 82% to hit)
The blast of sand misses the scorpion.
The blast of sand hits the hobgoblin.
The hobgoblin is almost dead.
You feel sick.
You are no longer poisoned.
The scorpion stings you but does no damage.
The scorpion stings you.
Aiming: Sandblast (safe; 3% risk of failure)
Press: ? - help, Q - select action, (/) - cycle Shift-Dir - straight line, f/p - scorpion
Aim: a scorpion (heavily wounded, 82% to hit)
The blast of sand hits the scorpion.
The scorpion is severely wounded.
The scorpion stings you.
* * * LOW HITPOINT WARNING * * *
The scorpion completely misses you.
It was a potion of invisibility.
You fade into invisibility!
The scorpion stings you but does no damage.
You hit the scorpion but do no damage.
The scorpion is severely wounded.
The scorpion closely misses you. The scorpion stings you.
* * * LOW HITPOINT WARNING * * *
It was a potion of brilliance.
You feel clever all of a sudden.
A hobgoblin comes into view.
The scorpion stings you.
You die...

#.........._
#.......P...
#.......P..PP.P.
#............... .
#......$PPPPP.P. #.
#........g.. ... #.
#.†.<....... ..##.
######..#####.###....
#...@sg######.#......
##.####.##.......##...
#...###.##..#.##......
#.......###.#.........
#...##.........#......
#######.###......##...
###.# #.#..#......
#...# #...######.#
#.#####..## #..


You could see a scorpion (unable to see you) and 2 hobgoblins.

Vanquished Creatures
  A gnoll (D:1)
  2 adders
  3 worms
  A dart slug (D:3)
  An orc (D:3)
  5 endoplasms
  3 goblins
  4 hobgoblins
  3 jackals (D:2)
  A quokka (D:3)
  2 ball pythons (D:1)
  5 bats
  4 frilled lizards
  4 kobolds
  3 rats
42 creatures vanquished.

Vanquished Creatures (others)
  9 plants (D:3)
9 creatures vanquished.

Grand Total: 51 creatures vanquished

Notes
Turn   | Place    | Note
-------+----------+-------------------------------------------
     0 | D:1      | benadryl the Demonspawn Earth Elementalist began the quest
                  | for the Orb.
     0 | D:1      | Reached XP level 1. HP: 13/13 MP: 3/3
   147 | D:1      | Reached skill level 3 in Earth Magic
   147 | D:1      | Gained mutation: You are partially covered in thin metallic
                  | scales. (AC +2) [demonic ancestry]
   147 | D:1      | Reached XP level 2. HP: 20/20 MP: 0/5
   648 | D:1      | Reached skill level 1 in Fighting
   804 | D:1      | Reached XP level 3. HP: 23/26 MP: 6/6
   935 | D:1      | Found a faded altar of an unknown god.
  2271 | D:3      | Gained mutation: You are mostly covered in thin metallic
                  | scales. (AC +3) [demonic ancestry]
  2271 | D:3      | Reached XP level 4. HP: 32/32 MP: 3/7
  2706 | D:3      | Found an opulent altar of Gozag.
  2706 | D:3      | Noticed a scorpion
  2729 | D:3      | HP: 1/33 [scorpion (4)]
  2730 | D:3      | Slain by a scorpion

Illustrated notes

Levels and vault maps discovered:
D:1:      grunt_arrival_lava_bath, layout_basic,
          dilly_ecumenical_altar_fadedgnrine, minmay_misc_feat_x
D:2:      layout_loops_ring, basic_altar
D:3:      layout_rooms, mainiacjoe_overflow_cross_hatched,
          minmay_misc_feat_more_columns, uniq_crazy_yiuf_cottage

Skill      XL: |  1  2 |
---------------+-------+-----
Earth Magic    | 3 |  3.8
Fighting       | 1 |  1.6
Dodging        | |  1.7
Stealth        | |  1.7
Spellcasting   | |  2.6
Transmutations | |  0.8

Action                   |  1- 3 |  4- 6 || total
-------------------------+-------+-------++-------
Melee: Hand axe          |    72 |    18 ||    90
       Punch             |       |     1 ||     1
 Cast: Sandblast         |    31 |    12 ||    43
  Use: Potion            |       |     3 ||     3
 Stab: Sleeping          |     5 |       ||     5
Armor: Robe              |    32 |    18 ||    50
Dodge: Dodged            |    61 |    31 ||    92
